 Dungeon Crawl Stone Soup version 0.18-a0-1035-g72c9994 (webtiles) character file.

57 4thArraOfDagon the Gusty (level 3, -5/26 HPs)
             Began as a Centaur Air Elementalist on Jan 9, 2016.
             Slain by a wraith (9 damage)
             ... in an ossuary.
             The game lasted 00:03:12 (569 turns).

4thArraOfDagon the Gusty (Centaur Air Elementalist)  Turns: 569, Time: 00:03:12

Health: -5/26      AC:  4    Str: 10    XL:     3   Next: 73%
Magic:  5/5        EV:  9    Int: 15    God:
Gold:   66         SH:  0    Dex:  9    Spells: 2 memorised, 2 levels left

rFire  . . .     SeeInvis .     l - +2 dagger (drain)
rCold  . . .     Gourm    .     a - +0 robe
rNeg   . . .     Faith    .     (no shield)
rPois  .         Spirit   .     (no helmet)
rElec  .         Dismiss  +     (no cloak)
rCorr  .         Reflect  .     (no gloves)
SustAt +         Harm     .     (no barding)
MR     .....                    m - amulet of dismissal
Stlth  +.........               (no ring)
                                h - ring of sustain attributes

@: slowed, repel missiles, not resistant to hostile enchantments, very
unstealthy
A: hooves 3, deformed body, speed 2, tough skin 3
a: no special abilities


You were in an ossuary.
You were not hungry.

You visited 1 branch of the dungeon, and saw 4 of its levels.
You also visited: Ossuary.

You collected 66 gold pieces.

Inventory:

Hand Weapons
 i - a +0 whip
 l - a +2 dagger of draining (weapon)
Armour
 a - a +0 robe (worn)
Jewellery
 h - a ring of sustain attributes (left hand)
 m - an amulet of dismissal (around neck)
Scrolls
 e - 2 scrolls of remove curse {unknown}
 g - 2 scrolls of identify {unknown}
 j - 3 scrolls of immolation {unknown}
 k - 2 scrolls of fear {unknown}
Potions
 d - a potion of degeneration {unknown}
 n - a potion of brilliance {unknown}
 o - a potion of agility {unknown}
 p - a potion of heal wounds {unknown}
 q - a potion of cancellation {unknown}
 r - a potion of curing {unknown}
 s - a potion of beneficial mutation {unknown}
Books
 b - a book of Air

   Spells                             Type                      Level
   a - Shock                          Conjuration/Air              1
   b - Swiftness                      Charms/Air                   2
   c - Repel Missiles                 Charms/Air                   2
   d - Static Discharge               Conjuration/Air              3
   e - Lightning Bolt                 Conjuration/Air              5
Comestibles
 c - a bread ration
 f - a beef jerky


   Skills:
 - Level 1.3 Dodging
 - Level 1.2 Stealth
 + Level 1.8 Spellcasting
 * Level 2.2 Conjurations
 * Level 3.4 Air Magic


You had 2 spell levels left.
You knew the following spells:

 Your Spells              Type           Power        Failure   Level  Hunger
a - Shock                 Conj/Air       #...         10%         1    ##.....
b - Repel Missiles        Chrm/Air       #.....       17%         2    ###....


Dungeon Overview and Level Annotations

Branches:
Dungeon (4/15)
 Temple: D:4-7

Altars:

Annotations:
Ossuary totalnoob's ghost, amateur DsFi


Innate Abilities, Weirdness & Mutations

You have hooves in place of feet.
Armour fits poorly on your strangely shaped body.
You cover ground very quickly.
You have extremely tough skin (AC +3).


Message History

r - an orange potion You see here a murky brown potion.
s - a murky brown potion Totalnoob's ghost hits you but does no damage.
The wraith hits you!
* * * LOW HITPOINT WARNING * * *
The wraith drains your vigour!
You feel yourself slow down.
* * * LOW HITPOINT WARNING * * *
Totalnoob's ghost hits you.
* * * LOW HITPOINT WARNING * * *
You see here a scroll labeled WUPEOT TECOI.
Unknown command.
Unknown command.
The wraith barely misses you.
Unknown command.
Unknown command.
Unknown command.
Unknown command.
The wraith hits you!
You die...

###### ..... ...
#####'#####
##...W.....##
##...#####...##
##...##...##...##
#...##.....##...#
+...@WW.....#...+
#...##...?.##...#
##...##...##...##
##...#####...##
.##.........##.
..#####'#####..
...............
...............
######'''######


You could see a wraith and totalnoob's ghost.

Vanquished Creatures
  Jessica (D:3)
  A mummy (Ossuary)
  A giant gecko (D:4)
  An orc (D:3)
  A giant cockroach (D:3)
  A hobgoblin (D:3)
  2 bats
  2 gnoll skeletons (Ossuary)
  2 kobolds
  2 kobold skeletons (Ossuary)
  5 orc skeletons (Ossuary)
  3 rats
22 creatures vanquished.

Notes
Turn   | Place    | Note
--------------------------------------------------------------
     0 | D:1      | 4thArraOfDagon the Centaur Air Elementalist began the quest for the Orb.
     0 | D:1      | Reached XP level 1. HP: 14/14 MP: 3/3
   177 | D:3      | Reached skill level 1 in Conjurations
   203 | D:3      | Reached skill level 3 in Air Magic
   211 | D:3      | Reached XP level 2. HP: 18/20 MP: 2/4
   216 | D:3      | Noticed Jessica
   220 | D:3      | Killed Jessica
   220 | D:3      | Reached XP level 3. HP: 22/26 MP: 0/5
   227 | D:3      | Learned a level 2 spell: Repel Missiles
   388 | D:4      | Found a sand-covered staircase.
   401 | Ossuary  | Entered an ossuary
   401 | Ossuary  | Noticed a wraith
   401 | Ossuary  | Noticed a wraith
   401 | Ossuary  | Noticed a wraith
   522 | Ossuary  | Noticed a wraith
   546 | Ossuary  | Noticed totalnoob's ghost (amateur DsFi)
   569 | Ossuary  | Slain by a wraith

Vault maps used:
D:1:      dpeg_arrival_arbitrary_c, corner_web_ring
D:2:      nicolae_ru_awakened_eye, corexii_leaking_fountain, minivault_19,
          grunt_pakellas_mercury
D:3:      nicolae_overflow_crystal_walls, uniq_jessica
D:4:      elyvilon_altar_5, makhleb_altar_promises_db, grunt_dithmenos_shadows,
          serial_curves, eino_curves_03, eino_curves_02, enter_ossuary_1
Ossuary:  ossuary_due_mausoleum

Action                   || total
-------------------------++-------
Melee: Whip              ||     5
       Unarmed           ||     2
       Dagger            ||    32
 Cast: Shock             ||    19
       Repel Missiles    ||     1
